 Dungeon Crawl Stone Soup version 0.29-a0-887-gcbe080d7e0 (webtiles) character file.

Game seed: 12996521508451805630

44 IdlyInterested the Shield-Bearer (level 3, 0/27 HPs)
             Began as a Demonspawn Wanderer on July 21, 2022.
             Frozen to death by an endoplasm (2 damage)
             ... on level 2 of the Dungeon.
             The game lasted 00:04:21 (1098 turns).

IdlyInterested the Shield-Bearer (DsWn)             Turns: 1098, Time: 00:04:22

Health: 0/27       AC:  8    Str: 12    XL:     3   Next: 39%
Magic:  5/5        EV:  8    Int: 15    God:
Gold:   89         SH:  4    Dex: 12    Spells: 4/5 levels left

rFire   . . .      SeeInvis .   a - +2 whip (freeze)
rCold   . . .      Faith    .   b - +0 buckler
rNeg    . . .      Spirit   .   h - +0 scale mail
rPois   .          Reflect  .   (no helmet)
rElec   .          Harm     .   g - +0 cloak
rCorr   .          Rampage  .   (no gloves)
Will    .....                   (no boots)
Stlth   ..........              (no amulet)
HPRegen 0.09/turn               (no ring)
MPRegen 0.09/turn               (no ring)

@: no status effects
A: rugged brown scales 1, weakness stinger 1
a: no special abilities


You were on level 2 of the Dungeon.
You visited 1 branch of the dungeon, and saw 2 of its levels.

You collected 89 gold pieces.

Inventory:

Hand Weapons
 a - a +2 whip of freezing (weapon)
 f - a +1 spear
Missiles
 e - 5 poisoned darts
 n - 6 boomerangs (quivered)
Armour
 b - a +0 buckler (worn)
 g - a +0 cloak (worn)
 h - a +0 scale mail (worn)
Jewellery
 o - an amulet of faith
Scrolls
 i - 2 scrolls of magic mapping
 l - a scroll of amnesia
Potions
 c - 2 potions of attraction


   Skills:
 - Level 2.0 Fighting
 - Level 1.0(1.2) Axes
 + Level 1.0(1.2) Polearms
 + Level 0.3 Throwing
 - Level 1.0 Dodging
 - Level 3.0 Shields
 + Level 1.5 Spellcasting
 * Level 2.8 Summonings


You had 4 spell levels left.
You knew the following spells:

 Your Spells              Type           Power      Damage    Failure   Level
a - Summon Small Mammal   Summ           36%        N/A       47%         1

Your spell library contained the following spells:

 Spells                   Type           Power      Damage    Failure   Level
 Apportation              Tloc           2%         N/A       86%         1
 Sublimation of Blood     Necr           1%         N/A       95%         2
 Animate Armour           Summ/Erth      10%        N/A       100%        4
 Petrify                  Tmut/Erth      1%         N/A       100%        4
 Summon Ice Beast         Ice/Summ       5%         N/A       100%        4
 Alistair's Intoxication  Tmut/Pois      0%         N/A       100%        5
 Irradiate                Conj/Tmut      0%         3d11      100%        5


Dungeon Overview and Level Annotations

Branches:
Dungeon (2/15)

Altars:


Innate Abilities, Weirdness & Mutations

You are partially covered in rugged brown scales. (AC +1, +3% HP)
You have a small tail.


Message History

You are poisoned.
You see here a fuming silvery potion.
You feel sick.
An endoplasm comes into view.
You feel sick.
An endoplasm comes into view.
You closely miss the hobgoblin. You tail-slap the hobgoblin.
The hobgoblin is almost dead.
You feel sick. The hobgoblin hits you.
* * * LOW HITPOINT WARNING * * *
You hit the hobgoblin but do no damage.
The hobgoblin is almost dead.
* * * LOW HITPOINT WARNING * * *
You feel sick. You block the hobgoblin's attack.
It was a potion of curing.
You feel better. The hobgoblin closely misses you.
You hit the hobgoblin but do no damage.
The hobgoblin is severely wounded.
The hobgoblin hits you but does no damage.
You hit the hobgoblin but do no damage.
The hobgoblin is severely wounded.
The hobgoblin hits you.
* * * LOW HITPOINT WARNING * * *
You hit the hobgoblin but do no damage.
The hobgoblin is severely wounded.
The endoplasm freezes you.
You are frozen.
* * * LOW HITPOINT WARNING * * *
The hobgoblin closely misses you.
You hit the hobgoblin. You freeze the hobgoblin.
You kill the hobgoblin!
The endoplasm freezes you.
You are frozen.
* * * LOW HITPOINT WARNING * * *
The endoplasm hits you but does no damage.
The endoplasm freezes you.
You are frozen.
* * * LOW HITPOINT WARNING * * *
The endoplasm freezes you.
You are frozen.
You die...

,,.......###....###..#....,,,,,,,
,,.......* ##.............,,,,,**
##...####* #..#...........,,,,,**
#.....###*##.##.........,,,,,,,,,
.......,,.,......$....#***,,,,,**
....#,*###............##**,,,,,**
.[#.#,,....###..........,,,,,,,,,
<...#.......#....(......*,,,,,,,,
..............#.@J....#,**,,,,,,,
.........,*#.....J....#,,,,,,,***
..........####!.......#******,,,,
......)......†..####..#***,,,,,,,
...........###.##***#...,,,**,,,,
...##...##** #.# *,,..##*******,,
##.#*#.#* #.#**,*#.# **,* *..,,,*
#..#*,*#.# ***,,* **,,^,**
##...,*#.# **.,,**


You could see 2 endoplasms.

Vanquished Creatures
  An adder (D:2)
  A worm (D:2)
  2 dart slugs
  4 ball pythons
  2 endoplasms
  3 goblins
  3 hobgoblins (D:2)
  2 quokkas (D:2)
  4 bats
  3 frilled lizards
  A kobold (D:1)
  5 rats
31 creatures vanquished.

Notes
Turn   | Place    | Note
-------+----------+-------------------------------------------
     0 | D:1      | IdlyInterested the Demonspawn Wanderer began the quest for
                  | the Orb.
     0 | D:1      | IdlyInterested set off with the following items: a +0 hand
                  | axe, a +0 buckler, a potion of attraction, a +0 robe; and
                  | the following spell memorised: Summon Small Mammal; and the
                  | following spells available to memorise: Animate Armour,
                  | Summon Ice Beast.
     0 | D:1      | Reached XP level 1. HP: 16/16 MP: 2/2
   378 | D:1      | Found a faded altar of an unknown god.
   454 | D:1      | Gained mutation: You are partially covered in rugged brown
                  | scales. (AC +1, +3% HP) [demonic ancestry]
   454 | D:1      | Reached XP level 2. HP: 16/22 MP: 3/3
  1002 | D:2      | Reached skill level 3 in Shields
  1009 | D:2      | Gained mutation: You have a small tail. [demonic ancestry]
  1009 | D:2      | Reached XP level 3. HP: 24/27 MP: 5/5
  1069 | D:2      | Reached skill level 1 in Polearms
  1098 | D:2      | Frozen to death by an endoplasm

Illustrated notes

Levels and vault maps discovered:
D:1:      psy_arrival_basics, layout_loops_ring,
          shapermc_ecumenical_altar_mp_highgroup
D:2:      layout_rooms, serial_shops, nicolae_shop_crystal, basic_altar

Skill      XL: |  1  2  3 |
---------------+----------+-----
Shields        | 3 |  3.0
Polearms       | 1 |  1.0
Fighting       | |  2.0
Axes           | |  1.0
Throwing       | |  0.3
Dodging        | |  1.0
Spellcasting   | |  1.5
Summonings     | |  2.8

Action                   || total
-------------------------++-------
Melee: Whip              ||    87
       Tailslap          ||     7
Throw: Boomerang         ||     1
  Use: Scroll            ||     4
       Potion            ||     1
Armor: Scale mail        ||    46
Dodge: Dodged            ||    26
Block: Buckler           ||    21

Table legend: (Time is in decaauts)
 A = Elapsed time spent in this place.
 B = Non-inter-level travel time spent in this place.
 C = Inter-level travel time spent in this place.
 D = Time resting spent in this place.
 E = Time spent auto-exploring this place.
 F = Levels seen in this place.
 G = Mean time per level.
                   A        B        C        D        E       F      G
               +--------+--------+--------+--------+--------+-----+--------+
         Total |   1108 |   1006 |    102 |     19 |    666 |   2 |  554.0 |
       Dungeon |   1108 |   1006 |    102 |     19 |    666 |   2 |  554.0 |
               +--------+--------+--------+--------+--------+-----+--------+

Top non-repeatable levels by time:
     D:1: 929 daAuts
     D:2: 178 daAuts
